[Event "Team 45 45 League T64"]
[Site "Internet Chess Club"]
[Date "2015.04.13"]
[Round "6"]
[White "Zkid"]
[Black "Regista"]
[Result "1/2-1/2"]
[WhiteElo "2300"]
[BlackElo "2270"]
[Opening "Caro-Kann: classical, 7...Nd7"]
[ECO "B19"]
[Time "10:00:15"]
[TimeControl "2700+45"]

1. e4 c6 2. d4 d5 3. Nc3 dxe4 4. Nxe4 Bf5 5. Ng3 Bg6 6. h4 h6 7. Nf3 Nd7 8. Bd3
Bxd3 9. Qxd3 e6 10. Bd2 Ngf6 11. O-O-O Be7 12. Kb1 c5 13. Ne4 Rc8 14. c4 cxd4
15. Nxf6+ Bxf6 16. Bb4 Qb6 17. Ba3 Nc5 18. Qe2 d3 19. Qe3 Na4 20. Qxb6 axb6 21.
Rxd3 Rxc4 22. Rhd1 Rc7 23. Nd4 Nc5 {Game drawn by mutual agreement} 1/2-1/2

[Event "Team 45 45 League T64"]
[Site "Internet Chess Club"]
[Date "2015.04.10"]
[Round "6"]
[White "Pomberito"]
[Black "SuperJEM"]
[Result "1-0"]
[WhiteElo "2103"]
[BlackElo "2163"]
[Opening "Trompowsky attack (Ruth, Opocenský opening)"]
[ECO "A45"]
[Time "09:15:58"]
[TimeControl "2700+45"]

1. d4 Nf6 2. Bg5 d5 3. Bxf6 exf6 4. e3 Be6 5. Bd3 Nd7 6. Qf3 Bd6 7. Nc3 Nb6 8.
O-O-O Qd7 9. h3 O-O-O 10. Nge2 Kb8 11. Kb1 c6 12. e4 Rhe8 13. Nf4 Bxf4 14. Qxf4+
Ka8 15. e5 fxe5 16. dxe5 d4 17. Ne4 Qd5 18. b3 Qa5 19. Rhe1 Nd5 20. Qd2 Qc7 21.
f4 Bf5 22. Nd6 Nc3+ 23. Kb2 Qa5 24. a4 Nxd1+ 25. Rxd1 Qxd2 26. Rxd2 Rxd6 27.
exd6 Bxd3 28. Rxd3 c5 29. c3 dxc3+ 30. Kxc3 b6 31. Kc4 Kb7 32. Kd5 Re2 33. g4 a5
34. d7 Kc7 35. d8=Q+ Kxd8 36. Kc6+ Ke7 37. Kxb6 Re4 38. f5 h5 39. gxh5 Re5 40.
Rc3 Kd6 41. Rd3+ Ke7 42. Rf3 Kf6 43. Kxa5 c4+ 44. Kb6 cxb3 45. Rxb3 Rxf5 46. a5
Rxh5 47. a6 Rh8 48. a7 g5 49. Kb7 Ke5 50. a8=Q Rxa8 51. Kxa8 f5 52. Kb7 g4 53.
h4 f4 54. Rb5+ Ke4 55. h5 f3 56. Rb4+ Ke3 57. h6 f2 58. h7 f1=Q 59. h8=Q Qf7+
60. Kb8 Qf4+ 61. Rxf4 {Black resigns} 1-0

[Event "Team 45 45 League T64"]
[Site "Internet Chess Club"]
[Date "2015.04.10"]
[Round "6"]
[White "Bubacik"]
[Black "CHENENE"]
[Result "1/2-1/2"]
[WhiteElo "2193"]
[BlackElo "2074"]
[Opening "QGD Slav: 4.Nc3"]
[ECO "D15"]
[Time "09:08:48"]
[TimeControl "2700+45"]

1. d4 d5 2. c4 c6 3. Nf3 Nf6 4. Nc3 a6 5. Ne5 b5 6. cxd5 cxd5 7. Bf4 e6 8. e3
Nbd7 9. Bd3 Nxe5 10. Bxe5 Bd6 11. f4 O-O 12. O-O Bb7 13. Rf3 Rc8 14. Rh3 g6 15.
Bxd6 Qxd6 16. Qe1 Qb4 17. Rb1 Ne4 18. Qh4 h5 19. g4 Kg7 20. gxh5 Rfe8 21. hxg6
Rh8 22. Qg4 f5 23. Qg2 Rxh3 24. Qxh3 Rh8 25. Qg2 Nxc3 26. Rc1 Ne4 27. Bxe4 Rc8
28. Rxc8 Bxc8 29. Bd3 Qe1+ 30. Bf1 Qxe3+ 31. Qf2 Qe4 32. h3 Bd7 33. a3 Be8 34.
Kh2 Bxg6 35. Bg2 Qd3 36. Bf3 Be8 37. Kg2 a5 38. b4 {Game drawn by mutual
agreement} 1/2-1/2

[Event "Team 45 45 League T64"]
[Site "Internet Chess Club"]
[Date "2015.04.13"]
[Round "6"]
[White "xwang1"]
[Black "Intemperate"]
[Result "0-1"]
[WhiteElo "1989"]
[BlackElo "2012"]
[Opening "Sicilian: Taimanov variation"]
[ECO "B45"]
[Time "11:18:45"]
[TimeControl "2700+45"]

1. e4 c5 2. Nf3 e6 3. d4 cxd4 4. Nxd4 Nc6 5. Nc3 Nf6 6. Ndb5 Bc5 7. Nd6+ Ke7 8.
Bf4 e5 9. Nf5+ Kf8 10. Be3 Bb4 11. Bc4 d5 12. Bxd5 Bxf5 13. Bxc6 Nxe4 14. Bxe4
Bxe4 15. O-O Bxc3 16. bxc3 Qxd1 17. Rfxd1 Bc6 18. c4 f5 19. f4 exf4 20. Bxf4 Kf7
21. c5 Rae8 22. Re1 h6 23. Kf2 g5 24. Bd6 h5 25. g3 h4 26. Rxe8 hxg3+ 27. hxg3
Rxe8 28. Re1 Be4 29. Re2 Rh8 30. Ke3 Rh1 31. Kd4 Rd1+ 32. Kc3 Ra1 33. Kb2 Rg1
34. a3 Kg6 35. Kc3 Kh5 36. Rh2+ Kg4 37. Rh8 Rxg3+ 38. Bxg3 Kxg3 39. Kd2 f4 40.
a4 f3 41. Ke3 Bc6 42. a5 a6 43. Rd8 g4 44. Rd2 Kh3 {White resigns} 0-1

[Event "Team 45 45 League T64"]
[Site "Internet Chess Club"]
[Date "2015.04.09"]
[Round "6"]
[White "RazorBladeTeddy"]
[Black "charles-allen"]
[Result "1-0"]
[WhiteElo "2099"]
[BlackElo "1843"]
[Opening "QGD: Tarrasch, Réti variation"]
[ECO "D30"]
[Time "20:02:09"]
[TimeControl "2700+45"]

1. d4 d5 2. c4 e6 3. Nf3 c5 4. cxd5 exd5 5. g3 Nc6 6. Bg2 Nf6 7. O-O Be7 8. Nc3
O-O 9. dxc5 Bxc5 10. Na4 Be7 11. Be3 Bg4 12. Rc1 Re8 13. Nc5 Rb8 14. Re1 Ne4 15.
Qa4 Bf6 16. Bf4 b5 17. Qa3 Rc8 18. b4 a5 19. bxa5 Nxa5 20. Qb4 Nc4 21. Nb3 Be7
22. Qxb5 Bc5 23. Nxc5 Rxc5 24. Qb4 Qe7 25. Nd4 g5 26. Bxe4 gxf4 27. Bf5 fxg3 28.
hxg3 Bxf5 29. Nxf5 Qc7 30. Qc3 d4 31. Qxd4 Rxf5 32. Qg4+ {Black resigns} 1-0

[Event "Team 45 45 League T64"]
[Site "Internet Chess Club"]
[Date "2015.04.12"]
[Round "6"]
[White "Constrictor"]
[Black "OperaDude94"]
[Result "0-1"]
[WhiteElo "1629"]
[BlackElo "1803"]
[Opening "Réti: Nimzovich-Larsen attack"]
[ECO "A06"]
[Time "16:38:28"]
[TimeControl "2700+45"]

1. Nf3 d5 2. b3 c5 3. e3 Nf6 4. Bb2 a6 5. d4 Bg4 6. Be2 e6 7. O-O Nc6 8. Nbd2
cxd4 9. Nxd4 Bxe2 10. Qxe2 Be7 11. Nxc6 bxc6 12. Rfd1 O-O 13. Nf3 Qb6 14. c4 a5
15. Ne5 a4 16. g4 Rfd8 17. g5 Ne4 18. h4 Bd6 19. Ng4 axb3 20. Bd4 c5 21. Nf6+
Nxf6 22. Bxf6 gxf6 23. gxf6 Kh8 24. Kh1 Be5 25. Rab1 Bxf6 26. Rxb3 Qc7 27. Rdb1
Rdb8 28. Qf3 Bg7 29. Rxb8+ Rxb8 30. Rxb8+ Qxb8 31. Qxf7 Qb1+ 32. Kg2 Qg6+ 33.
Qxg6 hxg6 34. Kf3 dxc4 35. Ke4 Bc3 36. a4 Kg7 37. Kf3 Kf6 38. Ke4 Be1 39. f3 e5
40. f4 exf4 41. exf4 Ke6 42. Ke3 Kf5 43. Ke2 Ba5 {White resigns} 0-1

[Event "Team 45 45 League T64"]
[Site "Internet Chess Club"]
[Date "2015.04.12"]
[Round "6"]
[White "Innes"]
[Black "elessar"]
[Result "0-1"]
[WhiteElo "1624"]
[BlackElo "1620"]
[Opening "Caro-Kann: advance variation"]
[ECO "B12"]
[Time "18:14:06"]
[TimeControl "2700+45"]

1. e4 c6 2. d4 d5 3. e5 Bf5 4. Nf3 e6 5. Bd3 Bxd3 6. Qxd3 Qa5+ 7. c3 Qa6 8. Qxa6
Nxa6 9. O-O c5 10. Be3 c4 11. Nbd2 Ne7 12. b3 Rc8 13. bxc4 dxc4 14. Ne4 Nd5 15.
Rab1 b6 16. Bd2 Be7 17. a4 Rb8 18. Rb5 Nac7 19. Rbb1 h6 20. a5 b5 21. Rfc1 a6
22. Be1 Kd7 23. g3 Rhc8 24. Nfd2 f5 25. Nc5+ Bxc5 26. dxc5 Ne7 27. f4 Ncd5 28.
Bf2 Nc6 29. Bd4 Nxd4 30. cxd4 Kc7 31. Kf2 Kc6 32. Nf1 Rd8 33. Ne3 Rb7 34. Nxd5
Rxd5 35. Ke3 Rd8 36. Rd1 Rbd7 37. Rb4 Kd5 38. h3 Kc6 39. g4 Rf8 40. Rb2 Rff7 41.
Rg2 Kd5 42. gxf5 Rxf5 43. Rdg1 Rdf7 44. Rf1 c3 45. Rgf2 g5 46. Kd3 Rxf4 47. Rxf4
Rxf4 48. Rf2 Rxf2 {White resigns} 0-1

[Event "Team 45 45 League T64"]
[Site "Internet Chess Club"]
[Date "2015.04.10"]
[Round "6"]
[White "Hal2001"]
[Black "rookfish"]
[Result "1-0"]
[WhiteElo "1591"]
[BlackElo "1278"]
[Opening "Scotch gambit: Dubois-Réti defense"]
[ECO "C55"]
[Time "10:30:18"]
[TimeControl "2700+45"]

1. e4 e5 2. Nf3 Nc6 3. d4 exd4 4. Bc4 Nf6 5. e5 Ne4 6. O-O d5 7. Bb5 Be7 8. Nxd4
O-O 9. Nxc6 bxc6 10. Bxc6 Rb8 11. Qxd5 Nc5 12. Qxd8 Rxd8 13. b3 Rb6 14. Bf3 h6
15. Bb2 Be6 16. Rd1 Re8 17. Nc3 Bf5 18. Nd5 Bxc2 19. Nxe7+ Rxe7 20. Rdc1 Bf5 21.
Rxc5 Rb4 22. Rac1 Rd7 23. Rxc7 Rd2 24. Ba3 Rbd4 25. h3 Rxa2 26. Bc5 Rdd2 27.
Rxa7 Rab2 28. b4 Be6 29. Be4 g6 30. Be3 Re2 31. Bf3 Rec2 32. Rxc2 Rxc2 33. Bc5
Rc1+ 34. Kh2 Rc2 35. Be7 Rxf2 36. Bf6 Rc2 37. Ra8+ Bc8 38. Bg4 Kh7 39. Rxc8 g5
40. Rxc2 Kg6 41. Kg3 h5 42. Bf3 h4+ 43. Kg4 Kh6 44. Bxg5+ Kg6 45. Be4+ Kg7 46.
Kxh4 Kf8 47. Bf6 Ke8 48. Bf5 {Black resigns} 1-0

[Event "Team 45 45 League T64"]
[Site "Internet Chess Club"]
[Date "2015.04.09"]
[Round "6"]
[White "Chess-Boy"]
[Black "idjit"]
[Result "1-0"]
[WhiteElo "1639"]
[BlackElo "1599"]
[Opening "Bird's opening"]
[ECO "A03"]
[Time "20:00:41"]
[TimeControl "2700+45"]

1. f4 d5 2. Nf3 Nc6 3. d3 Bf5 4. Nbd2 g6 5. e4 dxe4 6. dxe4 Bg4 7. Bc4 Bh6 8. h3
Bxf3 9. Nxf3 Qxd1+ 10. Kxd1 O-O-O+ 11. Ke2 Nd4+ 12. Nxd4 Rxd4 13. Bd3 Nf6 14.
Be3 Rdd8 15. Rhd1 e5 16. fxe5 Bxe3 17. Kxe3 Nd7 18. e6 fxe6 19. Bc4 e5 20. Be6
Rhe8 21. Bxd7+ Rxd7 22. Rxd7 Kxd7 23. Rd1+ Ke6 24. g3 Re7 25. Rd8 h5 26. c4 a5
27. c5 Rd7 28. Rxd7 Kxd7 29. Kd3 Kc6 30. Kc4 g5 31. a4 h4 32. g4 b6 33. cxb6
cxb6 34. b3 Kd7 35. Kd5 {Black resigns} 1-0

[Event "Team 45 45 League T64"]
[Site "Internet Chess Club"]
[Date "2015.04.10"]
[Round "6"]
[White "nanning"]
[Black "drsigmund1"]
[Result "0-1"]
[WhiteElo "1647"]
[BlackElo "1543"]
[Opening "French: Winawer (Nimzovich) variation"]
[ECO "C15"]
[Time "14:08:10"]
[TimeControl "2700+45"]

1. e4 e6 2. d4 d5 3. Nc3 Bb4 4. exd5 exd5 5. Bd3 Nc6 6. a3 Ba5 7. Be3 Nf6 8. Qf3
O-O 9. Ne2 Bg4 10. Qg3 Bxe2 11. Bxe2 Ne4 12. Qg4 Nxc3 13. bxc3 Bxc3+ {White
resigns} 0-1

[Event "Team 45 45 League T64"]
[Site "Internet Chess Club"]
[Date "2015.04.10"]
[Round "6"]
[White "dabodhi"]
[Black "pokerram"]
[Result "0-1"]
[WhiteElo "1370"]
[BlackElo "1756"]
[Opening "Ruy Lopez: closed, 7...O-O"]
[ECO "C88"]
[Time "12:00:27"]
[TimeControl "2700+45"]

1. e4 e5 2. Nf3 Nc6 3. Bb5 a6 4. Ba4 Nf6 5. O-O Be7 6. Re1 b5 7. Bb3 O-O 8. h3
Bb7 9. d3 d6 10. a3 Na5 11. Ba2 c5 12. Nbd2 Nc6 13. Nf1 Qc7 14. Ne3 Nd4 15. Bd5
Bxd5 16. Nxd5 Nxd5 17. exd5 h6 18. Nh2 b4 19. a4 Rab8 20. b3 Qb7 21. Ng4 Bg5 22.
Bxg5 hxg5 23. Ne3 f5 24. Rc1 f4 25. Nc4 Qxd5 26. Qg4 f3 27. Ne3 Qf7 28. Kh2 fxg2
29. f4 Qxf4+ 30. Qxf4 exf4 31. Nd5 Nf3+ 32. Kxg2 Nxe1+ 33. Rxe1 Kh7 34. Re7 Rf5
35. Nc7 Rb7 36. Kf3 Re5 37. Rf7 Kg6 38. Rd7 Re3+ 39. Kg2 Re2+ 40. Kf3 Rxc2 41.
Rxd6+ Kh7 42. Ne6 g6 43. Nxg5+ Kh6 44. Ne4 Rf7 45. Rxa6 Rh2 46. Nxc5 Rxh3+ 47.
Kf2 f3 48. Ra8 Rh2+ 49. Kf1 Re2 50. Rh8+ Kg7 51. Rh3 f2 52. Ne6+ Rxe6 {White
resigns} 0-1

[Event "Team 45 45 League T64"]
[Site "Internet Chess Club"]
[Date "2015.04.12"]
[Round "6"]
[White "Schachteufel"]
[Black "bradleyguo175"]
[Result "0-1"]
[WhiteElo "1724"]
[BlackElo "1734"]
[Opening "Sicilian: dragon, Yugoslav attack, Rauser variation"]
[ECO "B76"]
[Time "14:07:22"]
[TimeControl "2700+45"]

1. e4 c5 2. Nf3 d6 3. d4 cxd4 4. Nxd4 Nf6 5. Nc3 g6 6. Be3 Bg7 7. f3 O-O 8. Qd2
Nc6 9. O-O-O d5 10. Nxc6 bxc6 11. exd5 Nxd5 12. Nxd5 cxd5 13. Qxd5 Qc7 14. Qxa8
Bf5 15. Qxf8+ Kxf8 16. Bd3 Qe5 17. Rhe1 Qxb2+ 18. Kd2 Bc3+ 19. Ke2 Bxd3+ 20.
Rxd3 Qxc2+ 21. Kf1 Qxd3+ {White resigns} 0-1

[Event "Team 45 45 League T64"]
[Site "Internet Chess Club"]
[Date "2015.04.13"]
[Round "6"]
[White "cloak1"]
[Black "krysto"]
[Result "0-1"]
[WhiteElo "1491"]
[BlackElo "1628"]
[Opening "French: Tarrasch, closed variation, main line"]
[ECO "C06"]
[Time "18:00:30"]
[TimeControl "2700+45"]

1. e4 e6 2. d4 d5 3. Nd2 Nf6 4. e5 Nfd7 5. Bd3 c5 6. c3 Nc6 7. Ne2 cxd4 8. cxd4
f6 9. Nf4 Nxd4 10. Qh5+ Ke7 11. Ng6+ hxg6 12. Qxh8 Nxe5 13. Bb1 Bd7 14. b3 Rc8
15. Ba3+ Kf7 16. O-O Bxa3 17. f4 Qxh8 18. fxe5 Bc5 19. Kh1 Ne2 20. Rf3 Qh4 21.
Bd3 Nf4 22. g3 Qh5 23. gxf4 Qxf3+ 24. Nxf3 Be3 25. exf6 gxf6 26. Nh4 f5 27. Kg2
Bxf4 28. Rf1 Bd6 29. Nf3 e5 30. Ng5+ Kg7 31. h4 e4 32. Bb1 f4 33. Nxe4 dxe4 34.
Bxe4 Bc6 35. Bxc6 Rxc6 36. Kf3 Rc3+ 37. Ke4 Re3+ 38. Kd5 Be5 39. Ke6 b6 40. Rd1
f3 41. Rd7+ Kh6 42. Rf7 f2 43. Kd5 Bg3 44. Kc6 Re1 45. Kb7 f1=Q 46. Rxf1 Rxf1
47. Kxa7 Ra1 48. a4 Bf2 49. Ka6 Kh5 50. Kb5 Kxh4 51. b4 g5 52. a5 bxa5 53. bxa5
Rxa5+ 54. Kxa5 g4 55. Kb4 g3 56. Kc3 g2 57. Kd2 g1=Q 58. Ke2 Qe1+ 59. Kf3 Qe3+
60. Kg2 Bg1 61. Kh1 Kg4 62. Kg2 Qf2+ 63. Kh1 Qh2# {White checkmated} 0-1

[Event "Team 45 45 League T64"]
[Site "Internet Chess Club"]
[Date "2015.04.11"]
[Round "6"]
[White "portis2"]
[Black "RUPIS"]
[Result "0-1"]
[WhiteElo "1604"]
[BlackElo "1613"]
[Opening "QGD: Semi-Tarrasch defense, Pillsbury variation"]
[ECO "D40"]
[Time "08:00:27"]
[TimeControl "2700+45"]

1. d4 d5 2. c4 e6 3. Nc3 c5 4. Nf3 Nf6 5. Bg5 Be7 6. e3 Nc6 7. cxd5 exd5 8. dxc5
Be6 9. a3 a5 10. Bb5 Bxc5 11. Ne5 O-O 12. Nxc6 bxc6 13. Bxc6 Rb8 14. O-O h6 15.
Bxf6 Qxf6 16. Bxd5 Rfd8 17. Qf3 Bxd5 {White resigns} 0-1

[Event "Team 45 45 League T64"]
[Site "Internet Chess Club"]
[Date "2015.04.14"]
[Round "6"]
[White "ticopatzer"]
[Black "tornado100"]
[Result "1/2-1/2"]
[WhiteElo "1722"]
[BlackElo "1728"]
[Opening "Benkö gambit: fianchetto variation"]
[ECO "A58"]
[Time "19:00:19"]
[TimeControl "2700+45"]

1. d4 Nf6 2. c4 c5 3. d5 b5 4. cxb5 a6 5. bxa6 Bxa6 6. Nc3 d6 7. g3 g6 8. Nf3
Bg7 9. Bg2 Nbd7 10. O-O O-O 11. Re1 Qc7 12. Bf4 Qa7 13. e4 Ng4 14. Qc2 Nge5 15.
Rad1 Rfb8 16. b3 c4 17. Nxe5 Nxe5 18. Bxe5 Bxe5 19. Re3 cxb3 20. axb3 Rc8 21.
Qd2 Rab8 22. Ne2 Bxe2 23. Qxe2 Qa3 24. Rb1 Rc1+ 25. Rxc1 Qxc1+ 26. Bf1 Bd4 27.
Rd3 Qc5 28. Qd2 Be5 29. Qg5 Bf6 30. Qe3 Qb4 31. f4 Rc8 32. e5 Bg7 33. e6 f5 34.
Qd2 Bc3 35. Qd1 Rb8 36. Qc2 Rc8 37. Qb1 {Game drawn by mutual agreement} 1/2-1/2

[Event "Team 45 45 League T64"]
[Site "Internet Chess Club"]
[Date "2015.04.16"]
[Round "6"]
[White "wildcat2023"]
[Black "evan7284"]
[Result "1-0"]
[WhiteElo "1446"]
[BlackElo "1601"]
[Opening "Queen's gambit declined"]
[ECO "D30"]
[Time "15:45:36"]
[TimeControl "2700+45"]

1. d4 d5 2. c4 e6 3. Nf3 f5 4. Nc3 c6 5. Bf4 Nf6 6. e3 Bd6 7. Bxd6 Qxd6 8. Bd3
O-O 9. O-O Ne4 10. Ne5 Nd7 11. Nxd7 Bxd7 12. Rc1 Rf6 13. Ne2 Rh6 14. h3 Kh8 15.
Bxe4 fxe4 16. Qb3 b6 17. Qa4 c5 18. Qa3 g5 19. dxc5 Qe7 20. cxd5 exd5 21. Nd4
Qe5 22. c6 Bxh3 23. gxh3 Rxh3 24. Rfd1 Qh2+ 25. Kf1 Kg7 26. c7 Rf8 27. Ne6+ Kg6
28. Nxf8+ Kh5 29. c8=Q Qh1+ 30. Ke2 Qf3+ 31. Kd2 Qxf2+ 32. Kc3 Rxe3+ 33. Kb4 a5+
34. Kb5 Qe2+ 35. Kc6 Rxa3 36. Rh1+ {Black resigns} 1-0

[Event "Team 45 45 League T64"]
[Site "Internet Chess Club"]
[Date "2015.04.14"]
[Round "6"]
[White "losscause"]
[Black "Bizzy-Ketty"]
[Result "1-0"]
[WhiteElo "1621"]
[BlackElo "1548"]
[Opening "Queen's pawn: Torre attack"]
[ECO "A46"]
[Time "20:08:57"]
[TimeControl "2700+45"]

1. d4 Nf6 2. Nf3 e6 3. Bg5 Be7 4. c4 d6 5. Nc3 Nbd7 6. e4 c5 7. d5 Nb6 8. Be2
O-O 9. Bd2 Bd7 10. O-O e5 11. b3 h6 12. Qc2 Nh7 13. Ne1 f5 14. f4 exf4 15. Bxf4
Qe8 16. Bd3 Qg6 17. e5 dxe5 18. Bxe5 Ng5 19. Nf3 Bf6 20. Bxf6 Qxf6 21. Nxg5 Qxg5
22. Rae1 Rae8 23. Rxe8 Rxe8 24. Bxf5 Bxf5 25. Qxf5 Qe3+ 26. Qf2 Qxf2+ 27. Rxf2
Re1+ 28. Rf1 Rxf1+ 29. Kxf1 Nd7 30. Kf2 Kh7 31. Ke3 Kg6 32. Ne4 h5 33. Kf4 b6
34. h4 a6 35. a3 b5 36. cxb5 axb5 37. a4 bxa4 38. bxa4 c4 39. a5 c3 40. Nxc3 Kf6
41. Ne4+ Ke7 42. d6+ Ke6 43. a6 Nb6 44. a7 Na8 45. Kg5 Kd7 46. Kxh5 Nb6 47. Kg6
Kc8 48. Nc5 {Black resigns} 1-0

[Event "Team 45 45 League T64"]
[Site "Internet Chess Club"]
[Date "2015.04.18"]
[Round "6"]
[White "MasterD"]
[Black "werty"]
[Result "0-1"]
[WhiteElo "1459"]
[BlackElo "1573"]
[Opening "Owen defense"]
[ECO "B00"]
[Time "07:33:22"]
[TimeControl "2700+45"]

1. e4 b6 2. d4 Bb7 3. Nc3 d6 4. Nf3 e6 5. Bc4 g6 6. O-O Bg7 7. Bf4 Ne7 8. Re1
Nd7 9. Qe2 a6 10. a4 c5 11. Rad1 cxd4 12. Nb1 e5 13. Bg3 Nc5 14. c3 dxc3 15.
Nxc3 O-O 16. b4 Ne6 17. Qd3 Nc6 18. b5 Ncd4 19. Bxe6 fxe6 20. Ne2 Nxf3+ 21. gxf3
axb5 22. axb5 d5 23. exd5 Qxd5 24. Qxd5 Bxd5 25. Nc3 Bxf3 26. Rd6 e4 27. Nxe4
Bxe4 28. Rxe4 Rfe8 29. Rexe6 Rxe6 30. Rxe6 Bd4 31. Bc7 Kf7 32. Rc6 Rc8 33. Bg3
Rxc6 34. bxc6 Ke7 35. c7 Kd7 36. Kf1 b5 37. Ke1 Bb6 38. Kd2 Bxc7 39. Kc3 Bxg3
40. fxg3 h5 41. Kb4 Kc6 42. h4 Kb6 43. Ka3 Kc5 44. Kb3 b4 45. Ka2 Kc4 46. Kb2
Kd3 47. Kb3 Ke3 48. Kxb4 Kf3 49. Kc5 Kxg3 50. Kd5 Kxh4 51. Ke5 Kg4 52. Ke4 g5
53. Ke3 Kg3 54. Ke4 g4 55. Kf5 h4 {White resigns} 0-1

[Event "Team 45 45 League T64"]
[Site "Internet Chess Club"]
[Date "2015.04.14"]
[Round "6"]
[White "Intemperate"]
[Black "Regista"]
[Result "1-0"]
[WhiteElo "2038"]
[BlackElo "2244"]
[Opening "QGD: 4.Nf3"]
[ECO "D37"]
[Time "10:23:48"]
[TimeControl "2700+45"]

1. Nf3 Nf6 2. c4 e6 3. Nc3 d5 4. d4 dxc4 5. e4 Bb4 6. Qc2 b5 7. a4 c6 8. e5 Nd5
9. Bd2 Nxc3 10. bxc3 Be7 11. Qe4 O-O 12. h4 Qd5 13. Qg4 f5 14. Qg3 c5 15. axb5
cxd4 16. Nxd4 Bb7 17. Be2 Qxg2 18. Qxg2 Bxg2 19. Rg1 Bd5 20. Nxe6 Bxe6 21. Bh6
Rf7 22. Bf3 Nd7 23. Bxa8 Nxe5 24. Rxa7 Ng4 25. Bg5 Bc5 26. Rxf7 Kxf7 27. Rg2 Ke8
28. f3 Ne5 29. Bc6+ Kf7 30. Ra2 h6 31. Bd8 Nd3+ 32. Kf1 f4 33. Rh2 Ne5 34. Be4
Nd7 35. h5 Be3 36. Bg6+ Kf8 37. Rb2 Nb6 38. Ra2 Nd5 39. Ra8 Bh3+ 40. Ke1 Ne7 41.
b6 Nxg6 42. hxg6 {Black resigns} 1-0

[Event "Team 45 45 League T64"]
[Site "Internet Chess Club"]
[Date "2015.04.13"]
[Round "6"]
[White "Pomberito"]
[Black "HumanTornado"]
[Result "0-1"]
[WhiteElo "2052"]
[BlackElo "1940"]
[Opening "Sicilian: Pelikan, Chelyabinsk variation"]
[ECO "B33"]
[Time "18:32:40"]
[TimeControl "2700+45"]

1. e4 c5 2. Nf3 Nc6 3. d4 cxd4 4. Nxd4 Nf6 5. Nc3 e5 6. Ndb5 d6 7. Bg5 a6 8. Na3
b5 9. Nd5 Be7 10. Bxf6 Bxf6 11. c3 O-O 12. Nc2 Bg5 13. a4 bxa4 14. Rxa4 a5 15.
Bc4 Rb8 16. Ra2 Kh8 17. h4 Bh6 18. Nce3 Be6 19. b3 Ne7 20. Nxe7 Qxe7 21. Nd5 Qd8
22. Qc1 Bxc1 {White resigns} 0-1

[Event "Team 45 45 League T64"]
[Site "Internet Chess Club"]
[Date "2015.04.11"]
[Round "6"]
[White "Greedy-Reedy"]
[Black "Baseta"]
[Result "0-1"]
[WhiteElo "1925"]
[BlackElo "1863"]
[Opening "French: Winawer, advance variation"]
[ECO "C16"]
[Time "11:17:37"]
[TimeControl "2700+45"]

1. e4 e6 2. d4 d5 3. Nc3 Bb4 4. e5 b6 5. Bb5+ c6 6. Ba4 b5 7. Bb3 a5 8. a4 Ba6
9. Bd2 Ne7 10. Nge2 Nf5 11. Nb1 Be7 12. axb5 Bxb5 13. Nbc3 Qb6 14. Nxb5 cxb5 15.
c3 Nc6 16. Ng3 Nh4 17. O-O O-O 18. Qg4 Rfc8 19. Rfc1 b4 20. Bc2 Ng6 21. Nh5 b3
22. Bd3 a4 23. Re1 a3 24. bxa3 b2 25. Rab1 Rxa3 26. Bxg6 hxg6 27. Nf4 Rca8 28.
Nxe6 fxe6 29. Qxe6+ Kf8 30. Qxg6 Ra1 31. e6 Nd8 32. Qf5+ Kg8 33. h3 Rxb1 34.
Rxb1 Ra1 35. Kh2 Rxb1 36. Qxb1 Nxe6 37. g3 Qb3 38. h4 Nc7 39. Bg5 Bf8 40. h5 Qb6
41. Bf4 Ba3 42. g4 Nb5 43. Qf5 Qf6 44. Qxd5+ Kh8 45. Qa8+ Bf8 46. Qe4 Nxc3
{White forfeits on time} 0-1

[Event "Team 45 45 League T64"]
[Site "Internet Chess Club"]
[Date "2015.04.10"]
[Round "6"]
[White "CaptK"]
[Black "willhelm"]
[Result "1-0"]
[WhiteElo "1833"]
[BlackElo "1911"]
[Opening "Nimzo-Indian: three knights variation"]
[ECO "E21"]
[Time "17:00:27"]
[TimeControl "2700+45"]

1. d4 Nf6 2. Nf3 e6 3. c4 Bb4+ 4. Nc3 Bxc3+ 5. bxc3 c5 6. e3 Nc6 7. Qc2 d6 8. a4
O-O 9. Ba3 b6 10. Rd1 Qc7 11. Bd3 Ba6 12. dxc5 dxc5 13. Bb2 Rad8 14. O-O Rd7 15.
e4 e5 16. Qe2 Rfd8 17. Rd2 Ne8 18. Rfd1 f6 19. Nh4 Nd6 20. Nf5 Nxf5 21. exf5 Na5
22. g4 Bb7 23. f3 Rd6 24. Be4 Bxe4 25. fxe4 Rxd2 26. Rxd2 Rxd2 27. Qxd2 h6 28.
Qd5+ Qf7 29. Qd8+ Kh7 30. Qd5 Qxd5 31. cxd5 Nc4 32. Kg2 Nd6 33. Kf3 Kg8 34. Bc1
Kf7 35. h4 Nc4 36. Ke2 Nd6 37. Kd3 Ke7 38. c4 Nf7 39. Bd2 Nd6 40. g5 fxg5 41.
hxg5 h5 42. Be1 Ne8 43. Bg3 Kd6 44. Ke3 a6 45. Kf3 Nc7 46. Kg2 b5 47. axb5 axb5
48. cxb5 Nxb5 49. g6 {Black resigns} 1-0

[Event "Team 45 45 League T64"]
[Site "Internet Chess Club"]
[Date "2015.04.12"]
[Round "6"]
[White "Jack-ONeill"]
[Black "ArturitoGalacti"]
[Result "1/2-1/2"]
[WhiteElo "2070"]
[BlackElo "2017"]
[Opening "Caro-Kann: two knights, 3...Bg4"]
[ECO "B11"]
[Time "14:02:25"]
[TimeControl "2700+45"]

1. e4 c6 2. Nc3 d5 3. Nf3 Bg4 4. h3 Bxf3 5. Qxf3 e6 6. d3 Nd7 7. Bd2 Qc7 8. g4
Bb4 9. a3 Ba5 10. b4 Bb6 11. Bg2 a6 12. O-O Ne7 13. Bf4 e5 14. Bd2 d4 15. Ne2
O-O 16. Qg3 a5 17. c4 dxc3 18. Bxc3 axb4 19. axb4 Rfe8 20. d4 exd4 21. Qxc7 Bxc7
22. Nxd4 Ng6 {Game drawn by mutual agreement} 1/2-1/2

[Event "Team 45 45 League T64"]
[Site "Internet Chess Club"]
[Date "2015.04.11"]
[Round "6"]
[White "SlimeDog2"]
[Black "Ptzz"]
[Result "1-0"]
[WhiteElo "2029"]
[BlackElo "2059"]
[Opening "Bogo-Indian defense, Nimzovich variation"]
[ECO "E11"]
[Time "12:35:35"]
[TimeControl "2700+45"]

1. d4 Nf6 2. c4 e6 3. Nf3 Bb4+ 4. Bd2 Qe7 5. Nc3 b6 6. g3 Bb7 7. Bg2 Bxc3 8.
Bxc3 Ne4 9. Qc2 Nxc3 10. Qxc3 d6 11. O-O Nd7 12. c5 Nf6 13. c6 Bc8 14. b4 a6 15.
a4 O-O 16. b5 a5 17. Rad1 Ne4 18. Qd3 f5 19. Ne1 Nf6 20. f4 e5 21. d5 e4 22. Qb3
Qf7 23. Nc2 Re8 24. Ne3 Ng4 25. Nc4 Nf6 26. Ne3 Ng4 27. Nc4 Nf6 28. Nb2 Ng4 29.
Rd2 e3 30. Rd3 Qh5 31. h3 Nf2 32. Rxe3 Ne4 33. Nc4 h6 34. Bxe4 fxe4 35. g4 Qxd5
36. f5 Kh7 37. Rf4 g6 38. fxg6+ Kxg6 39. Qc3 Be6 40. Qf6+ Kh7 41. Rfxe4 Qd1+ 42.
Kh2 Rf8 43. Qxe6 Rf2+ 44. Kg3 Qe1 45. Kh4 Rf6+ 46. Kh5 Rxe6 47. Rxe6 Rg8 48.
Rxh6+ Kg7 49. Re7+ Kf8 50. Rxc7 Rg7 51. Rf6+ Ke8 52. Rxg7 {Black resigns} 1-0

[Event "Team 45 45 League T64"]
[Site "Internet Chess Club"]
[Date "2015.04.14"]
[Round "6"]
[White "Holgate"]
[Black "jt2000"]
[Result "0-1"]
[WhiteElo "2021"]
[BlackElo "2167"]
[Opening "Sicilian: Scheveningen (Paulsen), classical variation"]
[ECO "B85"]
[Time "13:04:16"]
[TimeControl "2700+45"]

1. e4 c5 2. Nf3 d6 3. d4 cxd4 4. Nxd4 Nf6 5. Nc3 a6 6. Be2 e6 7. O-O Be7 8. Be3
O-O 9. f4 Nc6 10. a4 Qc7 11. Kh1 Re8 12. Bf3 Rb8 13. Qd2 Bd7 14. Nb3 b6 15. g4
Bc8 16. g5 Nd7 17. Qf2 Bf8 18. Bg2 Bb7 19. Rad1 g6 20. Qh4 Bg7 21. Rf3 Nb4 22.
Rd2 d5 23. Rh3 Nf8 24. f5 exf5 25. exf5 Qc4 26. Nd4 Bc8 27. Qf2 gxf5 28. Nxf5
Bxf5 29. Qxf5 d4 30. Nd5 dxe3 31. Nf6+ Bxf6 {White resigns} 0-1